Map: Mech Depot LE

Players

Nice

  • Race: Protoss Protoss
  • Spawn Location: 1:00

NoRegreT - Winner!

  • Race: Zerg Zerg
  • Spawn Location: 7:00

Event: WCS Montreal 2017

VOD

Have the link to the VOD?

Description

Time

  • Played on: Sept. 8, 2017, 3:32 p.m.
  • Length: 7:33

All games in this series

Show
View Real Time Build Order
Export as new Build Order

Nice Protoss 

Build Orders: 1 Gate Expand 

Get SALT Encoding   

  12  0:01  Probe (Chrono Boost)  
  13  0:11  Probe (Chrono Boost)  
  14  0:18  Pylon  
  14  0:22  Probe (Chrono Boost)  
  15  0:37  Probe (Chrono Boost)  
  15  0:40  Gateway  
  16  0:47  Probe (Chrono Boost)  
  16  0:48  Assimilator  
  17  0:58  Probe (Chrono Boost)  
  18  1:08  Probe (Chrono Boost)  
  19  1:19  Probe (Chrono Boost)  
  20  1:26  Nexus  
  20  1:33  Cybernetics Core  
  20  1:37  Probe (Chrono Boost)  
  21  1:41  Assimilator  
  21  1:47  Probe (Chrono Boost)  
  21  1:51  Pylon  
  22  1:58  Probe (Chrono Boost)  
  23  2:10  Adept (Chrono Boost)  
  23  2:11  Probe  
  26  2:23  Mothership Core (Chrono Boost)  
  28  2:32  Warp Gate (Chrono Boost)  
  28  2:37  Twilight Council  
  28  2:38  Probe (Chrono Boost)  
  28  2:43  Probe (Chrono Boost)  
  30  2:48  Probe (Chrono Boost)  
  31  2:54  Probe (Chrono Boost)  
  31  2:57  Robotics Facility  
  32  3:03  Adept (Chrono Boost)  
  35  3:07  Pylon  
  32  3:13  Gateway  
  31  3:20  Gateway  
  31  3:26  Adept  
  33  3:39  Pylon  
  33  3:44  Pylon  
  33  3:48  Pylon  
  33  3:49  Probe x2  
  37  4:07  Pylon  
  29  4:29  Adept  
  24  4:36  Adept x2  
  26  4:48  Cybernetics Core  
  26  4:49  Sentry  
  28  4:54  Sentry  
  30  5:01  Adept  
  32  5:07  Pylon  
  32  5:14  Gateway  
  32  5:20  Zealot x2  
  36  5:32  Sentry  
  33  5:48  Probe (Chrono Boost)  
  34  5:56  Pylon  
  34  5:59  Probe (Chrono Boost)  
  35  6:08  Pylon  
  35  6:16  Warp Prism (Chrono Boost)  
  37  6:18  Pylon  
  37  6:25  Adept  
  37  6:26  Adept  
  41  6:35  Pylon  
  41  6:41  Adept  
  43  6:47  Zealot  
  45  7:13  Zealot x4  
Show
View Real Time Build Order
Export as new Build Order

NoRegreT Zerg - Winner!

Build Orders: Hatch First 

Get SALT Encoding   

  12  0:00  Drone  
  13  0:12  Overlord  
  13  0:17  Drone  
  14  0:30  Drone x2  
  14  0:35  Drone  
  17  0:52  Hatchery  
  17  0:54  Drone  
  17  0:57  Drone  
  18  1:07  Extractor  
  17  1:12  Spawning Pool  
  17  1:15  Drone  
  17  1:19  Drone  
  18  1:27  Drone  
  19  1:39  Drone  
  20  1:48  Overlord  
  20  1:58  Queen  
  22  2:03  Queen  
  22  2:04  Zergling x4  
  26  2:08  Metabolic Boost  
  26  2:12  Drone  
  27  2:16  Overlord  
  27  2:22  Zergling x2  
  28  2:33  Zergling x2  
  28  2:35  Zergling x2  
  30  2:40  Zergling x2  
  31  2:47  Hatchery  
  31  2:49  Zergling x2  
  31  2:50  Zergling x2  
  32  2:55  Zergling x2  
  32  2:57  Zergling x2  
  34  2:58  Evolution Chamber  
  34  3:04  Zergling x2  
  33  3:07  Zergling x2  
  33  3:08  Zergling x2  
  33  3:10  Zergling x2  
  33  3:12  Zergling x2  
  36  3:15  Zergling x2  
  36  3:18  Zergling x2  
  36  3:19  Zergling x2  
  39  3:22  Zergling x2  
  39  3:26  Zergling x2  
  41  3:30  Zergling x2  
  42  3:36  Zergling x2  
  43  3:42  Zergling x2  
  43  3:48  Zergling x2  
  43  3:49  Overlord  
  44  4:06  Drone x2  
  44  4:08  Zergling x4  
  47  4:10  Zergling x8  
  47  4:15  Zergling x2  
  50  4:19  Zergling x2  
  47  4:24  Zergling x2  
  47  4:28  Zergling x2  
  47  4:30  Zergling x2  
  45  4:32  Zergling x2  
  44  4:41  Zergling x4  
  44  4:42  Drone  
  47  4:48  Drone  
  48  4:53  Drone  
  48  4:54  Drone  
  48  4:56  Drone  
  48  4:58  Drone x3  
  48  4:59  Drone x2  
  56  5:04  Drone  
  56  5:06  Drone  
  55  5:08  Drone  
  54  5:15  Drone  
  54  5:16  Drone  
  54  5:19  Drone  
  54  5:21  Zerg Melee Weapons Level 1  
  54  5:22  Zergling x6  
  54  5:25  Zergling x2  
  54  5:26  Zergling x2  
  57  5:28  Zergling x2  
  57  5:31  Zergling x2  
  57  5:33  Zergling x2  
  57  5:37  Zergling x2  
  57  5:38  Zergling x2  
  57  5:42  Zergling x4  
  55  5:45  Queen  
  55  5:47  Zergling x2  
  56  5:50  Spore Crawler, Baneling Nest  
  56  5:51  Zergling x2  
  56  5:53  Drone x2  
  57  6:03  Overlord  
  57  6:06  Spore Crawler  
  57  6:08  Spore Crawler  
  55  6:22  Overlord, Zergling x4  
  55  6:24  Drone x2  
  55  6:25  Drone  
  57  6:26  Zergling x2  
  57  6:28  Overlord  
  58  6:37  Zergling x2  
  58  6:44  Overlord  
  59  6:47  Zergling x10  
  59  6:49  Baneling  
  59  6:50  Baneling x6  
  59  6:51  Zergling x2  
  59  6:52  Zergling x4  
  66  6:58  Overlord  
  65  7:05  Zergling x2  
  65  7:06  Zergling x4  
  65  7:09  Zergling x2  
  65  7:10  Zergling x2  
  65  7:11  Zergling x4  
  65  7:12  Zergling x2  
Tags
 
Add a new tag
Caveats
  • Supply blocks, unpowered buildings, or Contaminate may cause inaccurate times.
  • Supply counts are checked every 10 seconds.